 Dungeon Crawl Stone Soup version 0.16.1-11-g651b585 (webtiles) character file.

7571 jacksonaction the Destroyer (level 10, -1/44 HPs)
             Began as a Spriggan Conjurer on Apr 2, 2015.
             Was a Priest of Ashenzari.
             Slain by a manticore (8 damage)
             ... in a volcano.
             The game lasted 01:57:19 (14459 turns).

jacksonaction the Destroyer (Spriggan Conjurer)    Turns: 14459, Time: 01:57:19

Health: -1/44      AC:  6    Str:  4    XL:     10   Next: 97%
Magic:  27/40      EV: 20    Int: 20    God:    Ashenzari [***...]
Gold:   389        SH:  6    Dex: 19    Spells: 4 memorised, 16 levels left

rFire  . . .     SeeInvis +     s - +1 short sword (speed) (curse)
rCold  x . .     Clarity  +     p - +2 robe of the Falcon {Contam rC- MR+++ MP+9 Dex+2}
rNeg   + . .     SustAb   .     R - +0 buckler (curse)
rPois  +         Gourm    .     C - +1 hat (curse)
rElec  .         Spirit   .     G - +0 cloak (curse)
rCorr  .         Warding  .     (gloves unavailable)
rMut   .         Stasis   .     (boots unavailable)
MR     +++++                    (no amulet)
Stlth  +++.......               W - ring "Tyss" {+Fly rPois MR+}
                                d - ring of positive energy

@: manticore barbs, very slightly contaminated, invisible, very quick, almost
entirely resistant to hostile enchantments, fairly stealthy
A: unfitting armour, see invisible, herbivore 3, speed 3, slow metabolism 2
a: Renounce Religion, Evoke Flight


You were in a volcano.
You worshipped Ashenzari.
Ashenzari was most pleased with you.
You were not hungry.

You visited 3 branches of the dungeon, and saw 12 of its levels.
You also visited: Labyrinth and Volcano.

You collected 409 gold pieces.
You spent 20 gold pieces at shops.

Inventory:

Hand weapons
 s - a cursed +1 short sword of speed (weapon)
 B - a +1 dagger of pain
Armour
 p - the +2 robe of the Falcon (worn) {Contam rC- MR+++ MP+9 Dex+2}
   (You found it on level 8 of the Dungeon)

   It affects your dexterity (+2).
   It makes you vulnerable to cold.
   It affects your resistance to hostile enchantments.
   It affects your magic capacity (+9).
   It causes magical contamination when unequipped.
 z - a +2 hat of intelligence
 C - a cursed +1 hat (worn)
 G - a cursed +0 cloak (worn)
 R - a cursed +0 buckler (worn)
Magical staves
 X - an uncursed staff of energy
 Y - an uncursed staff of fire
Rods
 m - a +0 iron rod (11/11)
   (You found it on level 2 of the Dungeon)
Jewellery
 d - a ring of positive energy (left hand)
 Q - a +3 ring of evasion
 W - the ring "Tyss" (right hand) {+Fly rPois MR+}
   (You found it in a labyrinth)

   [ring of flight]

   It protects you from poison.
   It affects your resistance to hostile enchantments.
   It lets you fly.
Magical devices
 a - a wand of digging (14)
 g - a wand of flame (23)
 v - a wand of fire (5)
 J - a wand of digging (12)
 M - a wand of digging (11)
 O - a wand of cold (4)
Scrolls
 f - 2 scrolls of amnesia {unknown}
 l - 3 scrolls of immolation {unknown}
 q - 2 scrolls of enchant weapon {unknown}
 t - 2 scrolls of blinking {unknown}
 u - 8 scrolls of identify {unknown}
 y - 3 scrolls of fear {unknown}
 A - a scroll of recharging {unknown}
 E - a scroll of noise {unknown}
 H - 3 scrolls of curse weapon
 I - 3 scrolls of random uselessness {unknown}
 L - 2 scrolls of teleportation {unknown}
 P - a scroll of remove curse
Potions
 e - 2 potions of might {unknown}
 i - 2 potions of heal wounds {unknown}
 j - 3 potions of agility {unknown}
 k - a potion of restore abilities {unknown}
 o - a potion of magic {unknown}
 r - 3 potions of poison {unknown}
 w - 2 potions of brilliance {unknown}
 x - a potion of haste {unknown}
 K - 2 potions of curing
 N - 2 potions of lignification {unknown}
Books
 c - a book of Conjurations

   Spells                             Type                      Level
   a - Magic Dart                     Conjuration                  1
   b - Searing Ray                    Conjuration                  2
   c - Dazzling Spray                 Conjuration/Hexes            3
   d - Fulminant Prism                Conjuration/Hexes            4
   e - Iskenderun's Mystic Blast      Conjuration                  4
   f - Iskenderun's Battlesphere      Conjuration/Charms           5
 n - Aklinux's Compendium of Heat and Conjuration
   (You found it on level 8 of the Dungeon)

   Spells                             Type                      Level
   a - Flame Tongue                   Conjuration/Fire             1
   b - Inner Flame                    Hexes/Fire                   3
   c - Sticky Flame                   Conjuration/Fire             4
   d - Ignite Poison                  Fire/Transmutation           5
   e - Delayed Fireball               Conjuration/Fire             7
 F - a book of Battle

   Spells                             Type                      Level
   a - Infusion                       Charms                       1
   b - Shroud of Golubria             Charms/Translocation         2
   c - Song of Slaying                Charms                       2
   d - Spectral Weapon                Hexes/Charms                 3
   e - Regeneration                   Charms/Necromancy            3
 V - a book of Dreams

   Spells                             Type                      Level
   a - Ensorcelled Hibernation        Hexes/Ice                    2
   b - Flight                         Charms/Air                   3
   c - Phase Shift                    Translocation                5
   d - Shadow Creatures               Summoning                    5
   e - Mass Confusion                 Hexes                        6
   f - Darkness                       Hexes                        7
Miscellaneous
 Z - a sack of spiders
Comestibles
 b - 9 bread rations
 S - 6 slices of pizza
 T - a fruit


   Skills:
 + Level 0.4 Staves
 - Level 3.0(4.6) Dodging
 - Level 3.0(4.6) Stealth
 - Level 10.2 Spellcasting
 - Level 10.2 Conjurations
 - Level 5.0 Charms
 + Level 5.4 Fire Magic


You had 16 spell levels left.
You knew the following spells:

 Your Spells              Type           Power        Failure   Level  Hunger
a - Magic Dart            Conj           ####         1%          1    None
b - Searing Ray           Conj           ######       1%          2    None
c - Iskenderun's Battles  Conj/Chrm      #####...     14%         5    ####...
d - Ignite Poison         Fire/Trmt      ###.......   91%         5    ####...


Dungeon Overview and Level Annotations

Branches:
Dungeon (10/15)            Temple (1/1) D:4            Lair (1/8) D:9
    Orc: D:9-12

Altars:
Ashenzari
Cheibriados
Dithmenos
Elyvilon
Fedhas
Gozag
Kikubaaqudgha
Makhleb
Nemelex Xobeh
Okawaru
Qazlal
Ru
Sif Muna
Trog
Vehumet
Xom
Yredelemnul
Zin
The Shining One

Shops:
D:5 *   D:7 [[

Annotations:
D:3 sugabear's ghost, average VSEn


Innate Abilities, Weirdness & Mutations

You are tiny and cannot use many weapons and most armour.
You have supernaturally acute eyesight.
You are a herbivore.
You cover ground extremely quickly.
You need consume almost no food.


Message History

The volley of spikes hits you!
The barbed spikes become lodged in your body.
* * * LOW HITPOINT WARNING * * *
Drink which item? (? for menu, Esc to quit)
You fade into invisibility!
The manticore closely misses you. The manticore barely misses you.
The manticore barely misses you. The manticore misses you. x2
You block the manticore's attack. The manticore barely misses you.
The manticore misses you. You block the manticore's attack.
The manticore closely misses you. The manticore misses you.
The manticore claws you.
* * * LOW HITPOINT WARNING * * *
The manticore completely misses you. The manticore misses you.
The manticore misses you. The manticore completely misses you.
The manticore claws you.
* * * LOW HITPOINT WARNING * * *
The manticore claws you!
You die...

##≈≈##.###..###. *
###*##.#........ *
###....≈≈§≈≈ , *
##....≈≈§≈§§≈≈ *
#....≈≈§≈≈§§ ≈ *
##....≈§§≈≈≈ ≈≈b *
#....*≈§§≈≈≈ ≈)!≈ *
###....§§§§ ≈ ?b)H∩
####H@.....§≈≈
#[$.k.#.†.###.......
, *,, #..###
####..## * * * ####
* .## ∩ , ** , * * ≈


You could see a manticore.

Vanquished Creatures
  Gastronok (D:8)
  A minotaur (Lab)
  The ghost of ProjectEKO the Transmogrifier, an experienced OpTm of Okawaru (D:6)
  2 fire drakes
  A troll (D:9)
  Grinder (D:6)
  A yak (D:7)
  A hippogriff (D:8)
  A human (D:7)
  A wyvern (D:8)
  A hungry ghost (D:9)
  Edmund (D:9)
  The ghost of sugabear the Skirmisher, an average GrFi (D:4)
  An ice beast (D:8)
  2 phantoms
  4 orc warriors
  3 ogres
  Sigmund (D:4)
  Duvessa (D:4)
  2 centaurs
  3 giant frogs
  3 scorpions
  A wyvern skeleton (D:9)
  3 jellies
  4 wights
  A goliath beetle (D:7)
  Dowan (D:4)
  4 lava snakes (Lab)
  A quasit (D:6)
  3 crimson imps
  3 giant frog zombies
  2 centaur zombies
  A giant frog skeleton (D:8)
  2 hounds
  3 orc priests
  A centaur skeleton (D:7)
  Natasha (thrice) (D:6)
  7 worker ants
  4 iguanas
  8 orc wizards
  3 sheep (D:7)
  Ijyb (D:2)
  Robin (D:4)
  14 adders
  7 gnolls
  A shadow imp (D:5)
  4 worms
  4 giant mites
  9 giant geckos
  An ooze (D:1)
  37 orcs
  2 ball pythons
  23 bats
  3 giant cockroaches (D:5)
  25 goblins
  12 hobgoblins
  17 jackals
  16 kobolds
  5 quokkas
  2 giant newts (D:2)
  A giant spore (D:6)
  A quokka skeleton (D:7)
  A quokka zombie (D:5)
  22 rats
  A ballistomycete (D:6)
299 creatures vanquished.

Notes
Turn   | Place    | Note
--------------------------------------------------------------
     0 | D:1      | jacksonaction, the Spriggan Conjurer, began the quest for the Orb.
     0 | D:1      | Reached XP level 1. HP: 9/9 MP: 4/4
   346 | D:1      | Reached XP level 2. HP: 13/13 MP: 0/7
   350 | D:1      | Learned a level 2 spell: Searing Ray
  1337 | D:2      | Reached XP level 3. HP: 16/16 MP: 6/11
  1657 | D:2      | Reached XP level 4. HP: 21/21 MP: 5/14
  1693 | D:2      | Reached skill level 4 in Spellcasting
  1820 | D:2      | Noticed Ijyb
  1838 | D:2      | Killed Ijyb
  2384 | D:2      | Found a glowing silver altar of Zin.
  2388 | D:2      | Reached XP level 5. HP: 24/24 MP: 15/18
  2687 | D:3      | Learned a level 5 spell: Iskenderun's Battlesphere
  2726 | D:3      | Found an iron altar of Okawaru.
  2727 | D:3      | Found a snail-covered altar of Cheibriados.
  3163 | D:3      | Found an ancient bone altar of Kikubaaqudgha.
  3271 | D:3      | Noticed sugabear's ghost (average VSEn)
  3290 | D:3      | Found a sacrificial altar of Ru.
  3402 | D:3      | Reached skill level 5 in Conjurations
  3541 | D:3      | Noticed an ogre
  3653 | D:4      | Noticed Sigmund
  3799 | D:4      | Killed Sigmund
  3799 | D:4      | Reached XP level 6. HP: 14/28 MP: 14/20
  4046 | D:4      | Noticed Duvessa
  4046 | D:4      | Noticed Dowan
  4180 | D:4      | HP: 1/28 [Duvessa/wand of flame (7)]
  4200 | D:4      | Killed Duvessa
  4249 | D:4      | Reached skill level 5 in Spellcasting
  4587 | D:4      | Reached XP level 7. HP: 32/32 MP: 13/22
  4662 | D:4      | Noticed Robin
  4678 | D:4      | Killed Robin
  4833 | D:4      | Noticed sugabear's ghost (average GrFi)
  4834 | D:4      | Found a staircase to the Ecumenical Temple.
  4846 | Temple   | Entered the Ecumenical Temple
  4885 | Temple   | Became a worshipper of Ashenzari the Shackled
  5141 | D:4      | Killed Dowan
  5170 | D:4      | Reached skill level 6 in Conjurations
  5221 | D:4      | Killed sugabear's ghost
  5433 | D:4      | Found a deep blue altar of Sif Muna.
  5596 | D:5      | Entered Level 5 of the Dungeon
  5661 | D:5      | Found Qokhlarhen's Assorted Antiques.
  5762 | D:5      | Bought a wand of flame for 20 gold pieces
  6055 | D:5      | Got the uncursed robe "Juzuew" {Contam rN+ Regen+}
  6233 | D:5      | Reached skill level 7 in Spellcasting
  6264 | D:5      | Reached XP level 8. HP: 27/36 MP: 9/26
  6558 | D:5      | Found a basalt altar of Yredelemnul.
  6667 | D:6      | Noticed ProjectEKO's ghost (experienced OpTm)
  6725 | D:6      | Killed ProjectEKO's ghost
  6904 | D:6      | Noticed Natasha
  6908 | D:6      | Killed Natasha
  7099 | D:6      | Found a bloodstained altar of Trog.
  7385 | D:6      | Noticed Natasha
  7389 | D:6      | Killed Natasha
  7496 | D:6      | Reached skill level 8 in Conjurations
  7866 | D:6      | Reached XP level 9. HP: 26/39 MP: 24/28
  7918 | D:6      | Noticed Grinder
  8153 | D:6      | Killed Grinder
  8187 | D:6      | Noticed Natasha
  8187 | D:6      | Killed Natasha
  9018 | D:7      | Found a white marble altar of Elyvilon.
  9257 | D:7      | Found Sahu's Armour Boutique.
  9466 | D:7      | Reached skill level 9 in Conjurations
  9472 | D:7      | Found an opulent altar of Gozag.
  9495 | D:7      | Found Okaaz's Antique Armour Emporium.
 10205 | D:8      | Reached skill level 5 in Charms
 10450 | D:8      | Acquired Ashenzari's first power
 10575 | D:8      | Got the uncursed robe of the Falcon {Contam rC- MR+++ MP+9 Dex+2}
 10586 | D:8      | Identified the +2 robe of the Falcon {Contam rC- MR+++ MP+9 Dex+2} (You found it on level 8 of the Dungeon)
 10989 | D:8      | Identified Aklinux's Compendium of Heat and Conjuration
 10996 | D:8      | Learned a level 5 spell: Ignite Poison
 11337 | D:8      | Reached skill level 1 in Fire Magic
 11395 | D:8      | Noticed Gastronok
 11443 | D:8      | Killed Gastronok
 11443 | D:8      | Reached skill level 10 in Conjurations
 11443 | D:8      | Reached XP level 10. HP: 44/44 MP: 18/31
 11605 | D:8      | Found a sparkling altar of Nemelex Xobeh.
 11605 | D:8      | Found an opulent altar of Gozag.
 12070 | D:9      | Reached skill level 10 in Spellcasting
 12605 | D:9      | Found a staircase to the Lair.
 12711 | D:9      | Acquired Ashenzari's second power
 12742 | D:9      | Noticed Edmund
 13051 | D:9      | Killed Edmund
 13268 | D:10     | Entered Level 10 of the Dungeon
 13292 | Lair:1   | Entered Level 1 of the Lair of Beasts
 13292 | Lair:1   | Found a labyrinth entrance.
 13320 | Lab      | Entered a labyrinth
 14023 | Lab      | Noticed a minotaur
 14096 | Lab      | Killed a minotaur
 14096 | Lab      | Identified the +7 spear "Prytwiro" {holy, Int+2} (You took it off a minotaur in a labyrinth)
 14096 | Lab      | Reached skill level 5 in Fire Magic
 14122 | Lab      | Identified the ring "Tyss" {+Fly rPois MR+}
 14417 | Lair:1   | Found a dark tunnel.
 14422 | Volcano  | Entered a volcano
 14439 | Volcano  | Noticed a manticore
 14459 | Volcano  | Slain by a manticore

Action                   |  1- 3 |  4- 6 |  7- 9 | 10-12 || total
-------------------------+-------+-------+-------+-------++-------
Melee: Short sword       |       |       |    49 |     3 ||    52
 Fire: Blowgun           |       |       |     4 |       ||     4
Throw: Stone             |     2 |     7 |       |       ||     9
 Cast: Magic Dart        |    85 |   158 |   278 |    98 ||   619
       Searing Ray       |     3 |    24 |    84 |    30 ||   141
       Iskenderun's Batt |       |       |       |    12 ||    12
 Abil: Evoke Flight      |       |       |       |     1 ||     1
Evoke: Rod               |       |     2 |     2 |       ||     4
       Wand              |       |       |       |     1 ||     1
  Use: Scroll            |       |       |     3 |       ||     3
       Potion            |       |       |       |     2 ||     2
  Eat: Bread ration      |       |     1 |     1 |       ||     2
       Fruit             |       |       |       |     2 ||     2
       Pizza             |       |       |       |     1 ||     1
